 Dungeon Crawl Stone Soup version 0.25-a0-105-g2289b3b9f1 (webtiles) character file.

Game seed: 15795077276377724915, levelgen mode: deterministic

295027 wizywig the Sniper (level 22, -32/143 HPs)
             Began as a Kobold Hunter on Nov 16, 2019.
             Was the Champion of Okawaru.
             Killed from afar by Frederick (47 damage)
             ... with an iron shot
             ... on level 4 of the Vaults.
             The game lasted 02:53:39 (53665 turns).

wizywig the Sniper (Kobold Hunter)                 Turns: 53665, Time: 02:53:40

Health: -32/143    AC: 22    Str: 31    XL:     22   Next: 18%
Magic:  31/31      EV: 28    Int: 13    God:    Okawaru [******]
Gold:   2975       SH:  0    Dex: 29    Spells: 19/29 levels left

rFire    + . .     SeeInvis .   a - +3 triple crossbow of Okawaru's Whim {flame, Str+5}
rCold    + . .     Gourm    .   (shield currently unavailable)
rNeg     . . .     Faith    .   E - +1 ring mail of Omission {*Slow rPois Str+8}
rPois    +         Spirit   .   (no helmet)
rElec    .         Reflect  .   u - +2 cloak
rCorr    .         Harm     .   v - +2 pair of gloves {Dex+3}
MR       +....                  X - +1 pair of boots {run}
Stlth    +++.......             B - amulet of Idealism {RegenMP *Drain rF+ Dex+8}
HPRegen  0.33/turn              k - +4 ring of protection
MPRegen  0.47/turn              Y - ring of protection from cold

@: finesse, very slightly contaminated, studying Ice Magic, quick
A: small, talons 1, agile 1, carnivore
}: 1/15 runes: gossamer
a: Heroism, Finesse, Renounce Religion


You were on level 4 of the Vaults.
You worshipped Okawaru.
Okawaru was exalted by your worship.
You were completely stuffed.

You visited 6 branches of the dungeon, and saw 33 of its levels.
You also visited: Ice Cave and Volcano.

You collected 3305 gold pieces.
You spent 330 gold pieces at shops.

Inventory:

Hand Weapons
 a - the +3 triple crossbow of Okawaru's Whim (weapon) {flame, Str+5}
   (Okawaru gifted it to you on level 3 of the Lair of Beasts)

   It causes projectiles fired from it to burn those they strike, causing extra
   injury to most foes and up to half again as much damage against particularly
   susceptible opponents.
   It affects your strength (+5).
 b - a +4 rapier of freezing
 L - the +3 rapier of Ide Bomm {pierce, Str+2 Int+3}
   (Okawaru gifted it to you on level 2 of the Spider Nest)

   It inflicts extra damage upon your enemies.
   It affects your strength (+2).
   It affects your intelligence (+3).
Missiles
 d - 1320 bolts (quivered)
 C - 2 throwing nets
 K - 7 curare-tipped darts
 R - 20 poisoned darts
Armour
 s - a +1 cloak of cold resistance
 u - a +2 cloak (worn)
 v - a +2 pair of gloves of dexterity (worn)
 E - the +1 ring mail of Omission (worn) {*Slow rPois Str+8}
   (Okawaru gifted it to you in a volcano)

   It affects your strength (+8).
   It protects you from poison.
   It may slow you when you take damage.
 W - a +3 chain mail of fire resistance
 X - a +1 pair of boots of running (worn)
Jewellery
 k - a +4 ring of protection (left hand)
 y - a +4 ring of evasion
 B - the amulet of Idealism (around neck) {RegenMP *Drain rF+ Dex+8}
   (You acquired it on level 1 of the Vaults)

   [amulet of magic regeneration]

   It increases your magic regeneration.
   It affects your dexterity (+8).
   It protects you from fire.
   It causes draining when unequipped.
 M - a +2 ring of slaying
 U - an uncursed ring of positive energy
 Y - a ring of protection from cold (right hand)
Wands
 c - a wand of digging (7)
 m - a wand of scattershot (6)
 D - a wand of polymorph (5)
 P - a wand of acid (10)
 S - a wand of iceblast (42)
 V - a wand of disintegration (57)
Scrolls
 g - 18 scrolls of remove curse
 o - 9 scrolls of teleportation
 t - 3 scrolls of magic mapping
 x - 5 scrolls of fear
 z - 4 scrolls of fog
 G - a scroll of blinking
 Q - 2 scrolls of enchant weapon
Potions
 e - 2 potions of lignification
 h - 8 potions of curing
 i - a potion of berserk rage
 j - 3 potions of haste
 l - 10 potions of might
 n - 3 potions of invisibility
 p - 6 potions of heal wounds
 q - 3 potions of magic
 w - 7 potions of ambrosia
 A - 4 potions of flight
 H - a potion of degeneration
 I - 5 potions of resistance
 J - 4 potions of cancellation
 O - 7 potions of agility
 T - 4 potions of brilliance
Books
 N - a manual of Ice Magic
Miscellaneous
 F - a lamp of fire
Comestibles
 f - 70 rations
 r - a chunk of flesh


   Skills:
 - Level 16.4 Fighting
 - Level 12.0 Short Blades
 + Level 25.7 Crossbows
 * Level 13.4 Armour
 - Level 12.0 Dodging
 - Level 5.6 Stealth
 * Level 4.4 Spellcasting
 * Level 1.6 Conjurations
 - Level 4.0 Translocations
 * Level 2.4 Ice Magic
 * Level 1.6 Air Magic
 * Level 12.5 Invocations
 - Level 0.1 Evocations


You had 19 spell levels left.
You knew the following spells:

 Your Spells              Type           Power        Failure   Level  Hunger
a - Blink                 Tloc           N/A          8%          2    ##.....
b - Passwall              Tmut/Erth      #.......     36%         2    ##.....
c - Freezing Cloud        Conj/Ice/Air   #.........   100%        6    #######

Your spell library contained the following spells:

 Spells                   Type           Power        Failure   Level  Hunger
 Freeze                   Ice            #...         9%          1    None
 Magic Dart               Conj           #...         13%         1    None
 Shock                    Conj/Air       #...         13%         1    None
 Flame Tongue             Conj/Fire      #....        19%         1    None
 Searing Ray              Conj           #.....       21%         2    ##.....
 Ensorcelled Hibernation  Hex/Ice        #.....       22%         2    ##.....
 Beastly Appendage        Tmut           #.....       26%         1    None
 Summon Small Mammal      Summ           #...         26%         1    None
 Throw Flame              Conj/Fire      #.....       26%         2    ##.....
 Swiftness                Chrm/Air       #.......     28%         2    ##.....
 Recall                   Summ/Tloc      N/A          32%         3    ###....
 Call Imp                 Summ           #.......     36%         2    ##.....
 Corpse Rot               Necr           N/A          36%         2    ##.....
 Slow                     Hex            #.......     36%         2    ##.....
 Sublimation of Blood     Necr           #.........   36%         2    ##.....
 Static Discharge         Conj/Air       #.......     36%         3    ###....
 Mephitic Cloud           Conj/Pois/Air  #.......     43%         3    ###....
 Conjure Flame            Conj/Fire      #.......     47%         3    ###....
 Dazzling Spray           Conj/Hex       #.....       47%         3    ###....
 Stone Arrow              Conj/Erth      #.....       47%         3    ###....
 Call Canine Familiar     Summ           #.......     58%         3    ###....
 Ignite Poison            Fire/Tmut/Pois #.......     58%         3    ###....
 Inner Flame              Hex/Fire       #.......     58%         3    ###....
 Summon Guardian Golem    Hex/Summ       #.......     58%         3    ###....
 Force Lance              Conj/Tloc      ##......     61%         4    ####...
 Airstrike                Air            #.........   78%         4    ####...
 Iskenderun's Mystic Bla  Conj           #.......     78%         4    ####...
 Ice Form                 Ice/Tmut       #.......     83%         4    ####...
 Fulminant Prism          Conj/Hex       #.........   87%         4    ####...
 Sticky Flame             Conj/Fire      #.......     87%         4    ####...
 Animate Dead             Necr           N/A          94%         4    ####...
 Leda's Liquefaction      Hex/Erth       #.........   94%         4    ####...
 Petrify                  Tmut/Erth      #.......     94%         4    ####...
 Summon Forest            Summ/Tloc      #.........   97%         5    ######.
 Lightning Bolt           Conj/Air       #.........   98%         5    ######.
 Bolt of Draining         Conj/Necr      #.........   99%         5    ######.
 Bolt of Magma            Conj/Fire/Erth #.........   99%         5    ######.
 Fireball                 Conj/Fire      #.........   99%         5    ######.
 Irradiate                Conj/Tmut      #.........   99%         5    ######.
 Agony                    Necr           #.......     100%        5    ######.
 Blade Hands              Tmut           #.........   100%        5    ######.
 Borgnjor's Vile Clutch   Necr/Erth      #.........   100%        5    ######.
 Dispel Undead            Necr           #.......     100%        5    ######.
 Excruciating Wounds      Chrm/Necr      #.........   100%        5    ######.
 Yara's Violent Unravell  Hex/Tmut       #.........   100%        5    ######.
 Death Channel            Necr           #.........   100%        6    #######
 Hydra Form               Tmut           #.........   100%        6    #######
 Iron Shot                Conj/Erth      #.........   100%        6    #######
 Ozocubu's Refrigeration  Ice            #.........   100%        6    #######
 Shadow Creatures         Summ           N/A          100%        6    #######
 Simulacrum               Ice/Necr       #.........   100%        6    #######
 Statue Form              Tmut/Erth      #........    100%        6    #######
 Dragon Form              Tmut           #.........   100%        7    #######
 Summon Hydra             Summ           #.........   100%        7    #######
 Dragon's Call            Summ           #.........   100%        9    #######
 Shatter                  Erth           #.........   100%        9    #######


Dungeon Overview and Level Annotations

Branches:
Dungeon (15/15)            Temple (1/1) D:4            Lair (6/6) D:11
  Swamp (0/4) Lair:2       Spider (4/4) Lair:3        Slime (0/5) Lair:5
    Orc (2/2) D:12            Elf (0/3) Orc:2        Vaults (5/5) D:13
 Depths (0/5) D:15          IceCv (visited)         Volcano (visited)
  Crypt: Vaults:2-3

Altars:
Ashenzari
Cheibriados
Dithmenos
Elyvilon
Fedhas
Gozag
Hepliaklqana
Kikubaaqudgha
Makhleb
Nemelex Xobeh
Okawaru
Qazlal
Ru
Sif Muna
Trog
Uskayaw
Vehumet
Wu Jian
Xom
Yredelemnul
Zin
The Shining One
Beogh
Jiyva

Shops:
D:9 *(:%*   D:10 =   Orc:2 (}[*   Vaults:4 (

Annotations:
D:1 exclusion: 2 downstairs
D:2 Sigmund
D:5 exclusion: 2 downstairs
D:6 1 runed translucent door
D:11 exclusion: 2 downstairs
D:14 3 runed translucent doors, Kaalocepso's ghost, journeyman DDBe
Vaults:4 Frederick


Innate Abilities, Weirdness & Mutations

You are small and have problems with some larger weapons.
You are carnivorous and can eat meat at any time.
You have sharp toenails.
You are agile. (Dex +2)


Message History

The spellforged servitor hums quietly as it recharges.
Frederick points at you and mumbles some strange words.
The iron shot hits you!!!!
Ouch! That really hurt!
* * * LOW HITPOINT WARNING * * *
You are too injured to fight recklessly!
You are too injured to fight recklessly!
Unknown command.
Blink to where?
Press: ? - help, Dir - move target cursor, p - Frederick You are very lightly contaminated with residual magic.
As you read the scroll of blinking, it crumbles to dust.
* * * LOW HITPOINT WARNING * * *
You feel sick.
You feel better. Something hits you but does no damage.
Something closely misses you. Something completely misses you.
Frederick casts a spell at you. The iron shot hits you!!!
You die...

#......# #.....
###########'################.....
.................................
..........................(......
..................#####..........
................###...###........
..............####....(####......
.............##...#.@.#..O##.....
.............#..@..###).>..#...##
.............##...#...#([(##..^##
..............####...).##[#....##
###.........(...###...###......##
))#####'#####....##'########...##
#.)........##....##........#...##
#.#...##...##....##........#...##
#.#..#..#..##....##........#...##
#.#..#..#..########........#...##


You could see Frederick.

Vanquished Creatures
  Saint Roka (Orc:2)
  Jorgrun (D:15)
  Asterion (Spider:1)
  A sphinx (Vaults:4)
  Kirke (D:12)
  Roxanne (D:14)
  Donald (Vaults:1)
  A fire giant (Vaults:4)
  An iron dragon (Vaults:3)
  2 azure jellies (Vaults:3)
  A frost giant (Vaults:4)
  4 ghost moths
  6 vault wardens
  A ghoul (Vaults:3)
  6 emperor scorpions
  4 stone giants
  2 entropy weavers
  10 ironheart preservers
  Azrael (D:15)
  2 spark wasps (Spider:4)
  2 deep elf death magi
  Josephine (D:14)
  A crystal guardian (Vaults:3)
  Fannar (Lair:3)
  7 fire dragons
  Harold (Lair:2)
  21 vault guards
  10 yaktaur captains
  A rakshasa (Vaults:1)
  3 catoblepae
  5 hydras
  7 centaur warriors
  A merfolk avatar (Lair:6)
  52 two-headed ogres
  A tengu warrior (D:15)
  14 ogre magi
  6 death knights
  2 deep troll shamans
  Urug (D:11)
  12 deep elf knights
  A storm dragon zombie (Vaults:4)
  A hell knight (Volcano)
  2 shadow wraiths (Vaults:3)
  Nergalle (D:10)
  6 skeletal warriors
  A small abomination (Vaults:4)
  A salamander mystic (Volcano)
  A flayed ghost (Vaults:3)
  10 deep trolls
  5 wizards
  2 glowing orange brains
  5 unseen horrors
  12 orc knights
  7 ironbrand convokers
  3 necromancers
  9 deep elf archers
  7 harpies
  3 phantasmal warriors
  16 orb spiders
  An orc sorcerer (Orc:2)
  35 ugly things
  23 deep elf magi
  3 oklob plants (Lair:5)
  A salamander (shapeshifter) (Vaults:2)
  6 salamanders
  40 wolf spiders
  2 worldbinders (Vaults:3)
  6 manticores
  Joseph (D:8)
  9 cyclopes
  A fire giant skeleton (Vaults:3)
  7 elephants
  5 moths of wrath
  A centaur zombie (D:11)
  2 guardian serpents (shapeshifter)
  5 black mambas
  A frost giant skeleton (Vaults:4)
  A torpor snail (Spider:2)
  A naga mage (D:15)
  15 vault sentinels
  3 ice statues
  A titan simulacrum (Vaults:4)
  A spiny frog (shapeshifter) (Vaults:1)
  2 gargoyles (D:15)
  17 spiny frogs
  35 yaktaurs
  2 efreet (D:13)
  2 rime drakes (Lair:4)
  A kobold demonologist (D:13)
  10 komodo dragons
  An anaconda simulacrum (Vaults:3)
  20 demonic crawlers
  A yaktaur skeleton (Vaults:4)
  A tengu conjurer (D:15)
  14 freezing wraiths
  A meliai (shapeshifter) (Vaults:1)
  15 trolls
  28 jumping spiders
  A wind drake (Lair:6)
  A polar bear (shapeshifter) (Vaults:4)
  7 polar bears (Lair:6)
  17 hornets
  A tyrant leech (Lair:2)
  Prince Ribbit (Lair:2)
  17 slime creatures
  13 blink frogs
  A dream sheep (Lair:4)
  9 hippogriffs
  The ghost of MisterFreud the Slasher, an amateur OpGl (D:6)
  57 redbacks
  9 wraiths
  A vampire (D:10)
  A spriggan (D:10)
  26 tarantellas
  8 wyverns
  43 yaks
  3 fire elementals (D:15)
  A golden eye (shapeshifter) (Vaults:3)
  3 hogs
  6 basilisks
  2 hungry ghosts
  A yaktaur simulacrum (Vaults:3)
  2 death yak simulacra (IceCv)
  5 wargs
  Edmund (D:4)
  A swamp worm (Lair:2)
  2 acid dragons
  An insubstantial wisp (Vaults:3)
  14 water moccasins
  A hydra simulacrum (Vaults:3)
  2 floating eyes (shapeshifter) (Vaults:3)
  A swamp drake (Lair:3)
  17 porcupines
  2 hell hounds (D:15)
  5 sky beasts
  9 ice beasts
  24 orc warriors
  2 black bears
  2 human zombies
  A fire dragon simulacrum (Vaults:3)
  44 ogres
  19 wolves
  2 boggarts (Vaults:3)
  A phantom (D:7)
  An eye of draining (D:11)
  2 black mamba simulacra (Vaults:3)
  29 centaurs
  21 crocodiles
  2 big kobolds
  2 earth elementals (Vaults:3)
  22 bullfrogs
  A human skeleton (Vaults:3)
  A wyvern zombie (D:13)
  A wyvern skeleton (D:13)
  4 scorpions
  An elf simulacrum (Vaults:3)
  17 wights
  11 killer bees
  An elephant simulacrum (Vaults:3)
  4 electric eels
  A vampire bat (Vaults:3)
  4 howler monkeys
  2 crimson imps (D:6)
  4 draconian simulacra (IceCv)
  6 hounds
  A quasit (D:10)
  4 bullfrog zombies
  10 centaur skeletons
  12 orc priests
  9 jellies
  A bullfrog skeleton (D:13)
  6 iguanas
  Natasha (thrice) (D:2)
  19 orc wizards
  2 polar bear simulacra (IceCv)
  5 worker ants
  7 hell rats (Lair:6)
  3 spriggan simulacra (IceCv)
  8 troll simulacra
  2 centaur simulacra (IceCv)
  2 hound skeletons
  2 worker ant zombies
  A howler monkey zombie (D:8)
  15 adders
  4 naga simulacra
  4 gnolls (D:6)
  An ogre simulacrum (IceCv)
  A river rat (D:6)
  5 shadow imps
  23 white imps
  An ooze (D:4)
  3 adder zombies
  2 adder skeletons
  5 worms
  A dart slug (D:1)
  6 leopard geckos
  101 orcs
  9 giant cockroaches
  8 goblins
  4 hobgoblins
  12 jackals
  5 quokkas
  4 ball pythons
  8 bats
  2 frilled lizards
  17 kobolds
  A leopard gecko skeleton (D:7)
  A quokka skeleton (D:4)
  5 rats
  A crawling corpse (Vaults:4)
  3 plants
1485 creatures vanquished.

Vanquished Creatures (others)
  An ogre mage (D:15)
  A two-headed ogre (D:15)
  An orc wizard (D:10)
  A white imp (D:15)
  3 bushes (D:11)
  A fire vortex (Lair:3)
  18 fungi
  45 plants
71 creatures vanquished.

Grand Total: 1556 creatures vanquished

Notes
Turn   | Place    | Note
-------+----------+-------------------------------------------
     0 | D:1      | wizywig the Kobold Hunter began the quest for the Orb.
     0 | D:1      | Reached XP level 1. HP: 12/12 MP: 1/1
   226 | D:1      | Reached skill level 5 in Crossbows
   233 | D:1      | Reached XP level 2. HP: 11/17 MP: 2/2
   919 | D:1      | Reached XP level 3. HP: 17/22 MP: 3/3
   986 | D:2      | Noticed Natasha
  1060 | D:2      | Found a shattered altar of Ashenzari.
  1070 | D:2      | Found a radiant altar of Vehumet.
  1127 | D:2      | Killed Natasha
  1127 | D:2      | Reached skill level 1 in Short Blades
  1127 | D:2      | Reached XP level 4. HP: 27/27 MP: 4/4
  1232 | D:2      | Found an ornate altar of the Wu Jian Council.
  1267 | D:2      | Found a hide-covered altar of Uskayaw.
  1267 | D:2      | Noticed a +0 hand axe
  1267 | D:2      | Noticed a +0 hand axe
  1303 | D:2      | Noticed Sigmund
  1319 | D:2      | Reached skill level 1 in Armour
  1801 | D:2      | Reached XP level 5. HP: 26/32 MP: 5/5
  2331 | D:2      | Noticed Natasha
  2336 | D:2      | Killed Natasha
  2336 | D:2      | Noticed Natasha
  2340 | D:2      | Killed Natasha
  2562 | D:2      | Found a stormy altar of Qazlal.
  2563 | D:2      | Found a shadowy altar of Dithmenos.
  2883 | D:2      | Reached skill level 6 in Crossbows
  2883 | D:2      | Reached XP level 6. HP: 17/37 MP: 6/6
  3940 | D:3      | Found a bloodstained altar of Trog.
  4154 | D:4      | Found a hide-covered altar of Uskayaw.
  4170 | D:4      | Reached XP level 7. HP: 41/41 MP: 7/7
  4649 | D:4      | Found a staircase to the Ecumenical Temple.
  4661 | Temple   | Entered the Ecumenical Temple
  5064 | D:4      | Noticed Edmund
  5095 | D:4      | Killed Edmund
  5095 | D:4      | Reached skill level 7 in Crossbows
  5095 | D:4      | Reached XP level 8. HP: 48/48 MP: 8/8
  5195 | D:4      | Reached skill level 5 in Short Blades
  5389 | D:5      | Entered Level 5 of the Dungeon
  5389 | D:5      | Found a shadowy altar of Dithmenos.
  5448 | D:5      | Reached skill level 5 in Dodging
  7031 | D:6      | Reached XP level 9. HP: 36/52 MP: 9/9
  7164 | D:6      | Found a runed translucent door.
  7493 | D:6      | Found a runed translucent door.
  7540 | D:6      | You fall into a shaft and drop 1 floor!
  7637 | D:6      | Found an ancient bone altar of Kikubaaqudgha.
  7679 | D:6      | Noticed MisterFreud's ghost (amateur OpGl)
  7716 | D:6      | Reached skill level 5 in Fighting
  7736 | D:6      | Killed MisterFreud's ghost
  7799 | D:7      | Found a sparkling altar of Nemelex Xobeh.
  7888 | D:7      | Found an iron altar of Okawaru.
  7898 | D:7      | Became a worshipper of Warmaster Okawaru
  7913 | D:7      | Got a slimy robe
  7924 | D:7      | Identified the +1 robe of Zin's Righteous Fury {rF++ Int+2}
                  | (You found it on level 7 of the Dungeon)
  8366 | D:8      | Noticed Joseph
  8421 | D:8      | Killed Joseph
  8421 | D:8      | Reached * piety under Okawaru
  8421 | D:8      | Reached XP level 10. HP: 29/60 MP: 10/10
  8766 | D:8      | Reached skill level 10 in Short Blades
  9654 | D:9      | Reached ** piety under Okawaru
  9711 | D:9      | Found Mirhah's Weapon Boutique.
  9777 | D:9      | Found Sepejitt's Book Shoppe.
  9797 | D:9      | Gained mutation: You have sharp toenails. [potion of
                  | mutation]
  9797 | D:9      | Gained mutation: Your flesh is cold resistant. (rC+)
                  | [potion of mutation]
  9797 | D:9      | Gained mutation: You have supernaturally acute eyesight.
                  | (SInv) [potion of mutation]
  9912 | D:9      | Reached skill level 8 in Crossbows
 10301 | D:9      | Found Besaweq's Assorted Antiques.
 10306 | D:9      | Bought a glass ring for 135 gold pieces
 10348 | D:9      | Found Rohamuf's Assorted Antiques.
 10552 | D:9      | Got a shimmering brass ring
 10636 | D:9      | Found Peanlurr's Food Shoppe.
 10785 | D:10     | Entered Level 10 of the Dungeon
 10813 | D:10     | Reached *** piety under Okawaru
 11165 | D:10     | Reached XP level 11. HP: 67/67 MP: 11/11
 11182 | D:10     | Noticed Nergalle
 11185 | D:10     | Identified the ring "Kyokhloq" {*Tele rF- rN+++ Slay-4
                  | Stlth+} (You found it on level 9 of the Dungeon)
 11207 | D:10     | Reached skill level 5 in Armour
 11215 | D:10     | Killed Nergalle
 11215 | D:10     | Reached skill level 9 in Crossbows
 11364 | D:10     | Found Utsacrua's Jewellery Emporium.
 11450 | D:10     | Noticed a two-headed ogre
 11464 | D:10     | Killed a two-headed ogre
 11464 | D:10     | Reached **** piety under Okawaru
 11650 | D:10     | Reached skill level 10 in Crossbows
 12112 | D:11     | Noticed a brown ugly thing
 12130 | D:11     | Killed a brown ugly thing
 12377 | D:11     | Reached skill level 5 in Stealth
 12405 | D:11     | Received a gift from Okawaru
 12444 | D:11     | Reached ***** piety under Okawaru
 12633 | D:11     | Received a gift from Okawaru
 12703 | D:11     | Noticed an unseen horror
 12713 | D:11     | Killed an unseen horror
 12713 | D:11     | Reached XP level 12. HP: 75/75 MP: 12/12
 12811 | D:11     | Noticed Urug
 12878 | D:11     | Killed Urug
 13059 | D:11     | Reached skill level 1 in Invocations
 13083 | D:11     | Reached skill level 11 in Crossbows
 13159 | D:11     | Found a staircase to the Lair.
 13259 | D:11     | Received a gift from Okawaru
 13728 | D:12     | Noticed a two-headed ogre
 14417 | D:12     | Found a staircase to the Orcish Mines.
 14458 | D:12     | Killed a two-headed ogre
 14458 | D:12     | Reached skill level 10 in Fighting
 14805 | D:12     | Noticed Kirke
 14815 | D:12     | Noticed a sphinx
 14952 | D:12     | Noticed a skeletal warrior
 14952 | D:12     | Noticed a skeletal warrior
 15019 | Lair:1   | Entered Level 1 of the Lair of Beasts
 15188 | Lair:1   | Noticed a five-headed hydra
 15217 | Lair:1   | Killed a five-headed hydra
 15217 | Lair:1   | Received a gift from Okawaru
 16178 | Lair:1   | Received a gift from Okawaru
 17051 | Lair:2   | Noticed Prince Ribbit
 17107 | Lair:2   | Noticed Harold
 17134 | Lair:2   | Killed Harold
 17134 | Lair:2   | Reached XP level 13. HP: 76/83 MP: 15/15
 17151 | Lair:2   | Killed Prince Ribbit
 17157 | Lair:2   | Noticed an eight-headed hydra
 17172 | Lair:2   | Killed an eight-headed hydra
 17172 | Lair:2   | Received a gift from Okawaru
 17172 | Lair:2   | Reached skill level 12 in Crossbows
 17219 | Lair:2   | Found a dark tunnel.
 17227 | Volcano  | Entered a volcano
 17663 | Volcano  | Received a gift from Okawaru
 17671 | Volcano  | Got an ancient ring mail {god gift}
 17682 | Volcano  | Identified the +1 ring mail of Omission {*Slow rPois Str+8}
                  | (Okawaru gifted it to you in a volcano)
 18885 | Lair:2   | Found a staircase to the Swamp.
 19109 | Lair:3   | Reached skill level 5 in Invocations
 20099 | Lair:3   | Noticed Fannar
 20121 | Lair:3   | Killed Fannar
 20263 | Lair:3   | Found a hole to the Spider Nest.
 20310 | Lair:3   | Received a gift from Okawaru
 20364 | Lair:3   | Got a shimmering triple crossbow {god gift}
 20365 | Lair:3   | Identified the +3 triple crossbow of Okawaru's Whim {flame,
                  | Str+5} (Okawaru gifted it to you on level 3 of the Lair of
                  | Beasts)
 21264 | Lair:4   | Reached XP level 14. HP: 91/91 MP: 18/18
 21284 | Lair:4   | Reached skill level 13 in Crossbows
 22249 | Lair:5   | Found a staircase to the Slime Pits.
 22250 | Lair:5   | Found a viscous altar of Jiyva.
 23205 | Lair:5   | Received a gift from Okawaru
 23635 | Lair:6   | Entered Level 6 of the Lair of Beasts
 24052 | Lair:6   | Received a gift from Okawaru
 24079 | Lair:6   | Reached skill level 14 in Crossbows
 24564 | Lair:6   | Received a gift from Okawaru
 24875 | Lair:6   | Received a gift from Okawaru
 24968 | Lair:6   | Got an ancient cloak {god gift}
 24979 | Lair:6   | Identified the -4 cloak of the Ego {rElec} (Okawaru gifted
                  | it to you on level 6 of the Lair of Beasts)
 25126 | Lair:6   | Reached skill level 10 in Armour
 25767 | Lair:6   | Reached XP level 15. HP: 99/99 MP: 19/19
 26805 | Orc:1    | Entered Level 1 of the Orcish Mines
 26865 | D:12     | Reached skill level 15 in Crossbows
 26884 | D:12     | Killed Kirke
 27747 | Orc:1    | Found a roughly hewn altar of Beogh.
 27868 | Orc:1    | Received a gift from Okawaru
 28435 | Orc:1    | You fall into a shaft and drop 1 floor!
 28435 | Orc:2    | Entered Level 2 of the Orcish Mines
 28435 | Orc:2    | Found Diqit's Antique Weapon Shop.
 28587 | Orc:2    | Received a gift from Okawaru
 28798 | Orc:2    | Found Muosis's Gadget Boutique.
 28802 | Orc:2    | Found Alopp's Armour Shoppe.
 28804 | Orc:2    | Bought a runed hand crossbow for 195 gold pieces
 28820 | Orc:2    | Found Istriemm's General Store.
 28850 | Orc:2    | Found a staircase to the Elven Halls.
 28881 | Orc:2    | Noticed Saint Roka
 28966 | Orc:2    | Killed Saint Roka
 28966 | Orc:2    | Received a gift from Okawaru
 28966 | Orc:2    | Received a gift from Okawaru
 28966 | Orc:2    | Reached skill level 16 in Crossbows
 29249 | Orc:2    | Learned a level 2 spell: Blink
 29316 | Orc:2    | Reached XP level 16. HP: 107/107 MP: 21/21
 30181 | Spider:1 | Entered Level 1 of the Spider Nest
 30653 | Spider:1 | Reached skill level 1 in Translocations
 30653 | Spider:1 | Noticed Asterion
 30664 | Spider:1 | Killed Asterion
 30664 | Spider:1 | Received a gift from Okawaru
 30664 | Spider:1 | Reached skill level 1 in Spellcasting
 31128 | Spider:1 | Got a pair of brightly glowing boots
 31139 | Spider:1 | Identified the cursed +0 pair of boots of Amelioration
                  | {Slay+2} (You found it on level 1 of the Spider Nest)
 31340 | Spider:1 | Received a gift from Okawaru
 32003 | Spider:2 | Received a gift from Okawaru
 32236 | Spider:2 | Reached skill level 15 in Fighting
 32552 | Spider:2 | Received a gift from Okawaru
 32563 | Spider:2 | Got a jewelled rapier {god gift}
 32564 | Spider:2 | Identified the +3 rapier of Ide Bomm {pierce, Str+2 Int+3}
                  | (Okawaru gifted it to you on level 2 of the Spider Nest)
 33437 | Spider:2 | Reached skill level 17 in Crossbows
 34776 | Spider:3 | Reached skill level 10 in Dodging
 34889 | Spider:3 | Reached XP level 17. HP: 113/113 MP: 23/23
 35125 | Spider:3 | Received a gift from Okawaru
 35692 | Spider:3 | Received a gift from Okawaru
 36008 | Spider:4 | Entered Level 4 of the Spider Nest
 36041 | Spider:3 | Received a gift from Okawaru
 37730 | Spider:4 | Received a gift from Okawaru
 38300 | Spider:4 | Received a gift from Okawaru
 38915 | Spider:4 | Received a gift from Okawaru
 39042 | Spider:4 | Got a gossamer rune of Zot
 39140 | Spider:4 | Reached skill level 18 in Crossbows
 39921 | D:13     | Reached XP level 18. HP: 93/120 MP: 24/24
 41038 | D:13     | Found a gate to the Vaults.
 41729 | D:14     | Noticed Josephine
 41735 | D:14     | Killed Josephine
 41852 | D:14     | Noticed Roxanne
 41869 | D:14     | Killed Roxanne
 41869 | D:14     | Reached skill level 19 in Crossbows
 41907 | D:14     | Received a gift from Okawaru
 42034 | D:14     | Identified a +0 pair of boots of running (Okawaru gifted it
                  | to you on level 14 of the Dungeon)
 42088 | D:14     | Noticed Kaalocepso's ghost (journeyman DDBe)
 42228 | D:14     | Found a runed translucent gate.
 42228 | D:14     | Found a runed translucent gate.
 42228 | D:14     | Found a runed translucent gate.
 42530 | D:15     | Entered Level 15 of the Dungeon
 42540 | D:15     | Noticed Azrael
 42570 | D:15     | Killed Azrael
 42770 | D:15     | Found a frozen archway.
 42865 | IceCv    | Entered an ice cave
 43052 | IceCv    | Found an ancient bone altar of Kikubaaqudgha.
 43192 | IceCv    | Reached skill level 20 in Crossbows
 43372 | D:15     | Noticed Jorgrun
 43383 | D:15     | Killed Jorgrun
 44236 | D:15     | Reached XP level 19. HP: 127/127 MP: 25/25
 44266 | D:15     | Found a staircase to the Depths.
 44643 | Vaults:1 | Entered Level 1 of the Vaults
 44702 | Vaults:1 | Reached skill level 21 in Crossbows
 45051 | Vaults:1 | Received a gift from Okawaru
 45086 | Vaults:1 | Identified a scroll of acquirement
 45093 | Vaults:1 | Got a twitching tin amulet
 45094 | Vaults:1 | Identified the amulet of Idealism {RegenMP *Drain rF+
                  | Dex+8} (You acquired it on level 1 of the Vaults)
 45106 | Vaults:1 | Received a gift from Okawaru
 45428 | Vaults:1 | Reached skill level 22 in Crossbows
 45428 | Vaults:1 | Noticed Donald
 45440 | Vaults:1 | Killed Donald
 45996 | Vaults:1 | Reached skill level 10 in Invocations
 46460 | Vaults:2 | Reached XP level 20. HP: 115/132 MP: 27/27
 46536 | Vaults:2 | Identified the cursed +1 scale mail of Refuge {Str+2} (You
                  | found it on level 2 of the Vaults)
 46669 | Vaults:2 | Reached ****** piety under Okawaru
 46805 | Vaults:2 | Received a gift from Okawaru
 47208 | Vaults:2 | Reached skill level 23 in Crossbows
 47398 | Vaults:3 | Gained mutation: Armour fits poorly on your strangely
                  | shaped body. [a neqoxec]
 47445 | Vaults:3 | Lost mutation: You have sharp toenails. [potion of
                  | mutation]
 47445 | Vaults:3 | Lost mutation: Armour fits poorly on your strangely shaped
                  | body. [potion of mutation]
 47445 | Vaults:3 | Gained mutation: You are clumsy. (Dex -2) [potion of
                  | mutation]
 47445 | Vaults:3 | Lost mutation: You have supernaturally acute eyesight.
                  | (SInv) [potion of mutation]
 47445 | Vaults:3 | Gained mutation: Your body sometimes deteriorates upon
                  | taking damage. [potion of mutation]
 47445 | Vaults:3 | Gained mutation: You are somewhat resistant to further
                  | mutation. [potion of mutation]
 47446 | Vaults:3 | Lost mutation: You are somewhat resistant to further
                  | mutation. [potion of mutation]
 47446 | Vaults:3 | Lost mutation: Your body sometimes deteriorates upon taking
                  | damage. [potion of mutation]
 47446 | Vaults:3 | Lost mutation: You are clumsy. (Dex -2) [potion of
                  | mutation]
 47446 | Vaults:3 | Lost mutation: Your flesh is cold resistant. (rC+) [potion
                  | of mutation]
 47446 | Vaults:3 | Gained mutation: You are agile. (Dex +2) [potion of
                  | mutation]
 47446 | Vaults:3 | Gained mutation: You have sharp toenails. [potion of
                  | mutation]
 48679 | Vaults:3 | Found a stormy altar of Qazlal.
 48733 | Vaults:3 | Received a gift from Okawaru
 48781 | Vaults:3 | Identified the Reference Book on Shape Shifting
 49228 | Vaults:3 | Identified Ebbeyv's Grimoire of Earth
 49298 | Vaults:3 | You fall into a shaft and drop 1 floor!
 49373 | Vaults:4 | Reached skill level 24 in Crossbows
 49399 | Vaults:4 | Received a gift from Okawaru
 49547 | Vaults:4 | Reached XP level 21. HP: 65/137 MP: 22/29
 50393 | Vaults:4 | Learned a level 2 spell: Passwall
 50427 | Vaults:4 | Found Paus's Antique Weapon Shop.
 51542 | Vaults:3 | Reached skill level 25 in Crossbows
 51543 | Vaults:3 | Received a gift from Okawaru
 52063 | Vaults:3 | Identified Soaps's Grimoire of Cold
 52114 | Vaults:3 | Received a gift from Okawaru
 52427 | D:15     | Learned a level 6 spell: Freezing Cloud
 52601 | Vaults:3 | Identified Mnoleg's Collected Works on Slavery
 52802 | Vaults:5 | Entered Level 5 of the Vaults
 52826 | Vaults:4 | Received a gift from Okawaru
 52865 | Vaults:4 | Reached skill level 1 in Ice Magic
 52865 | Vaults:4 | Reached XP level 22. HP: 127/143 MP: 31/31
 52931 | Vaults:5 | Noticed Frederick
 53114 | Vaults:4 | Reached skill level 1 in Conjurations
 53172 | Vaults:4 | Identified the +1 ring mail "Fuurph" {rF+ MR+ Dex-5 Stlth+}
                  | (You found it on level 4 of the Vaults)
 53206 | Vaults:4 | Reached skill level 1 in Air Magic
 53662 | Vaults:4 | HP: 7/143 [Frederick/iron shot (89)]
 53665 | Vaults:4 | Killed from afar by Frederick

Levels and vault maps discovered:
D:1:      matt_arrival_los_fun, layout_basic, grunt_decor_mini_mirrors
D:2:      layout_basic, dancing_weapons_uskayaw, vehumet_crystals,
          overflow_temple_1_default, chequers_temple_overflow_statue_of_worship,
          first_ration, ashenzari_altar_1, uniq_natasha, uniq_sigmund
D:3:      layout_rooms, minivault_27, corexii_item_surrounded_by_moat, hex_tiny,
          trog_three_pillars_becter
D:4:      layout_cave_pools, minmay_temple_entry_offerings, roderic_lattice_a,
          minmay_ruined_shrine, uniq_edmund
D:5:      layout_cave_pods, basic_altar
D:6:      layout_cave_pools, kiku_gazebo_pond_becter, ebering_ghost_sewer_f
D:7:      layout_rooms, okawaru_trees_1, serial_glass, glass_columns_c,
          glass_columns_a, nemelex_altar_shiori
D:8:      layout_loops_ring, uniq_joseph
D:9:      layout_roguey, serial_shops, shop, nicolae_shop_statue_plus, shop,
          nicolae_shop_trees, shop_fountains
D:10:     layout_stronghold, serial_shops, nicolae_shop_behind_doors,
          the_bakery, uniq_nergalle
D:11:     layout_loops_ring, minmay_lair_entry_grove, uniq_urug
D:12:     layout_cross, david_orc_3, uniq_kirke
D:13:     cheibrodos_fzero, layout_long_grid,
          hangedman_vaults_entry_quadrant_bands
D:14:     layout_basic, gammafunk_ghost_icy, minivault_26, uniq_roxanne,
          uniq_josephine
D:15:     grunt_enter_depths_magical_seal, layout_irregular_city,
          minmay_hedge_maze, portal_ice_cave_entry_imps, drop_trap,
          nooodl_food_tri, uniq_jorgrun, uniq_azrael
Temple:   regret_index_temple_waves
Lair:1:   beast_lair_carwin_large_1, layout_loops_ring, serial_bayou_shore_a
Lair:2:   layout_long_grid, minmay_swamp_entry_worms,
          lightli_volcano_entry_magma_tube, grunt_megastairs_2, uniq_harold,
          uniq_prince_ribbit2
Lair:3:   layout_gridlike, spider_nest_entry_web_field, pond, uniq_fannar
Lair:4:   layout_cave_pods, st_stairs_9, grunt_megastairs_3, lemuel_fruit_tree,
          serial_bayou_shore_b
Lair:5:   layout_cave_pods, slime_altar_1, minmay_lair_oklob_chamber
Lair:6:   gammafunk_lair_ancient_temple, layout_cave_pods, minivault_25
Spider:1: layout_spider_delve, uniq_asterion
Spider:2: layout_spider_delve
Spider:3: layout_spider_delve
Spider:4: guppyfry_spider_rune, hangedman_spider_tarantella_strand
Orc:1:    layout_caves, lemuel_statue_altar
Orc:2:    st_orc_open, layout_caves, uniq_saint_roka
Vaults:1: vaults_room_pools, nicolae_vaults_ring_of_whatevers,
          hangedman_vaults_capsules, vaults_dpeg_diagonal,
          nicolae_vaults_little_squares_6, hangedman_vaults_river_flow,
          hangedman_vaults_maws, vaults_room_hallway,
          nicolae_vaults_network_periphery,
          nicolae_vaults_windows_and_doors_thing, vaults_room_semicircle,
          layout_vaults_omnicross, uniq_donald
Vaults:2: v_alt_pattern_1, v_rooms_4, nicolae_vaults_twisting_passages,
          minmay_crypt_entry_simple_walls, grunt_vaults_funnel,
          ontoclasm_vaults_twist, serial_ice_b,
          nicolae_vaults_network_quinsquares
          [nicolae_vaults_network_quincunx_subvault,
          nicolae_vaults_network_quincunx_subvault,
          nicolae_vaults_network_quincunx_subvault,
          nicolae_vaults_network_quincunx_subvault], vaults_room_semicircle,
          nicolae_vaults_big_ls, nicolae_vaults_little_squares_3,
          layout_vaults_omnibox
Vaults:3: hangedman_vaults_snaps, nicolae_vaults_little_squares_2, v_misc_32,
          vaults_room_fours, hangedman_vaults_stream, st_squares, v_misc_9,
          vaults_room_fours, layout_vaults_ring, serial_hangedman_research,
          hangedman_research_geology, hangedman_research_thermodynamics,
          hangedman_research_convocations, hangedman_research_metamorphosis,
          basic_altar
Vaults:4: nicolae_vaults_stairing_the_circle, vaults_dpeg_encased_lava,
          hangedman_vaults_nodes, v_misc_24, nicolae_vaults_yaktaur_gun_rack,
          vaults_mumra_hexcomb, ontoclasm_vaults_gateway, v_misc_13,
          vaults_dpeg_ring, layout_vaults_quadrants, serial_shops,
          nicolae_shop_window_shopping
Vaults:5: uniq_xtahua, uniq_frederick, uniq_boris

Skill      XL: |  1  2  3  4  5  6  7  8  9 10 11 12 13 14 15 16 17 18 19 20 21 22 |
---------------+-------------------------------------------------------------------+-----
Crossbows      | 5 6 7 8 10 11 12 14 16 17 18 20 22 24 25 | 25.7
Short Blades   | 1 2 3 4 6 9 11 12 | 12.0
Dodging        | 3 4 6 7 9 10 12 | 12.0
Armour         | 1 2 3 4 5 7 9 10 11 12 13 | 13.4
Fighting       | 3 4 5 7 8 10 11 13 14 15 16 | 16.4
Stealth        | 2 3 4 5 |  5.6
Invocations    | 3 5 7 8 10 11 12 | 12.5
Translocations | 4 |  4.0
Spellcasting   | 4 |  4.4
Ice Magic      | 1 2 |  2.4
Conjurations   | 1 |  1.6
Air Magic      | 1 |  1.6
Evocations     | |  0.1

Action                   |  1- 3 |  4- 6 |  7- 9 | 10-12 | 13-15 | 16-18 | 19-21 | 22-24 || total
-------------------------+-------+-------+-------+-------+-------+-------+-------+-------++-------
Melee: Short sword       |    94 |   147 |   304 |   314 |       |       |       |       ||   859
       Dagger            |       |       |       |   401 |  1357 |    79 |       |       ||  1837
       Punch             |       |       |       |     1 |    11 |     5 |       |       ||    17
       Rapier            |       |       |       |       |    13 |   981 |    86 |       ||  1080
       Triple crossbow   |       |       |       |       |       |       |     1 |       ||     1
 Fire: Hand crossbow     |    12 |    59 |    47 |   398 |   190 |       |       |       ||   706
       Triple crossbow   |       |       |       |       |   168 |   663 |  1009 |    72 ||  1912
Throw: Dart              |       |     3 |    49 |    55 |    84 |   151 |       |       ||   342
       Boomerang         |       |       |       |     3 |       |       |       |       ||     3
 Cast: Blink             |       |       |       |       |       |       |       |     2 ||     2
Invok: Heroism           |       |       |       |    18 |    21 |    15 |     5 |     1 ||    60
       Finesse           |       |       |       |       |    10 |     8 |     4 |     2 ||    24
Evoke: Wand              |       |       |       |     2 |     3 |     1 |       |       ||     6
  Use: Potion            |       |       |     2 |     4 |     3 |     3 |     2 |     1 ||    15
       Scroll            |       |       |       |    28 |     9 |    12 |     7 |     3 ||    59
 Stab: Sleeping          |       |     3 |     3 |     3 |     3 |     4 |       |       ||    16
       Distracted        |       |       |     1 |       |     1 |       |       |       ||     2
       Invisible         |       |       |       |     1 |     3 |       |       |       ||     4
       Confused          |       |       |       |       |     1 |       |       |       ||     1
  Eat: Chunk             |     9 |    10 |    13 |    30 |    39 |    47 |    23 |     4 ||   175
Armor: Leather armour    |    25 |    45 |    38 |    43 |       |       |       |       ||   151
       Ring mail         |       |     9 |    17 |       |   210 |   478 |   100 |    17 ||   831
       Troll leather arm |       |       |       |    47 |       |       |       |       ||    47
       Chain mail        |       |       |       |   107 |    63 |       |       |       ||   170
Dodge: Dodged            |    69 |   235 |   264 |   599 |  1290 |  1894 |   651 |    59 ||  5061

Table legend:
 A = Non-vault XP
 B = Vault XP
 C = Vault XP percentage of total XP
 D = Non-vault monster count
 E = Vault monster count
 F = Vault count percentage of total count
                 A         B        C        D         E       F
            +---------+---------+-------+---------+---------+-------
      Total |  295924 |  221645 |  42.8 |    1004 |     479 |  32.3
            +---------+---------+-------+---------+---------+-------
        D:1 |      43 |       0 |   0.0 |      25 |       0 |   0.0
        D:2 |     299 |      35 |  10.5 |      34 |       1 |   2.9
        D:3 |      45 |       0 |   0.0 |      14 |       0 |   0.0
        D:4 |     578 |     177 |  23.4 |      22 |       4 |  15.4
        D:5 |     462 |       0 |   0.0 |      21 |       0 |   0.0
        D:6 |     744 |     541 |  42.1 |      23 |       6 |  20.7
        D:7 |     418 |       0 |   0.0 |      10 |       0 |   0.0
        D:8 |    1076 |     498 |  31.6 |      17 |       1 |   5.6
        D:9 |    2204 |       0 |   0.0 |      26 |       0 |   0.0
       D:10 |    2157 |    1004 |  31.8 |      29 |       2 |   6.5
       D:11 |    5650 |    2920 |  34.1 |      32 |      14 |  30.4
       D:12 |    5998 |    3004 |  33.4 |      25 |       8 |  24.2
       D:13 |    9347 |   11699 |  55.6 |      48 |      34 |  41.5
       D:14 |    7393 |    4200 |  36.2 |      32 |       7 |  17.9
       D:15 |   16313 |   13897 |  46.0 |      37 |      35 |  48.6
     Lair:1 |    3013 |    1794 |  37.3 |      14 |       7 |  33.3
     Lair:2 |    3422 |    2621 |  43.4 |      13 |       7 |  35.0
     Lair:3 |    4828 |    1921 |  28.5 |      24 |       9 |  27.3
     Lair:4 |    4279 |    1848 |  30.2 |      14 |       7 |  33.3
     Lair:5 |    5102 |    2292 |  31.0 |      22 |       5 |  18.5
     Lair:6 |   11214 |    9153 |  44.9 |      50 |      23 |  31.5
   Spider:1 |   11561 |    2613 |  18.4 |      31 |       1 |   3.1
   Spider:2 |   25411 |       0 |   0.0 |      69 |       0 |   0.0
   Spider:3 |   14435 |       0 |   0.0 |      36 |       0 |   0.0
   Spider:4 |   13485 |   23826 |  63.9 |      32 |      44 |  57.9
      Orc:1 |    2345 |       0 |   0.0 |      42 |       0 |   0.0
      Orc:2 |    2629 |   20798 |  88.8 |      26 |      46 |  63.9
   Vaults:1 |   39026 |   12255 |  23.9 |      65 |      21 |  24.4
   Vaults:2 |   18995 |   11707 |  38.1 |      32 |      19 |  37.3
   Vaults:3 |   30142 |   49982 |  62.4 |      47 |      80 |  63.0
   Vaults:4 |   53310 |   32200 |  37.7 |      92 |      37 |  28.7
      IceCv |       0 |    6452 | 100.0 |       0 |      54 | 100.0
    Volcano |       0 |    4208 | 100.0 |       0 |       7 | 100.0
            +---------+---------+-------+---------+---------+-------
